 Dungeon Crawl Stone Soup version 0.31-a0-1010-g5322dac6a2 (webtiles) character file.

Game seed: 9094423464038048765

15559 senseless the Thaumaturge (level 12, -4/59 HPs)
             Began as a Deep Elf Fire Elementalist on Nov 16, 2023.
             Was an Elder of Qazlal.
             Slain by a skeletal warrior
             ... wielding a +0 glaive
              (11 damage)
             ... on level 12 of the Dungeon.
             The game lasted 00:44:30 (13795 turns).

senseless the Thaumaturge (DEFE)                   Turns: 13795, Time: 00:44:31

Health: -4/59      AC: 11    Str:  5    XL:     12   Next: 2%
Magic:  3/30       EV: 33    Int: 34    God:    Qazlal [****..]
Gold:   788        SH:  5    Dex: 15    Spells: 29/36 levels left

rFire   + + .        b - staff of fire
rCold   + . .        (no shield)
rNeg    + . .        H - +0 steam dragon scales
rPois   +            v - +0 helmet
rElec   +            F - scarf {repulsion}
rCorr   +            c - +2 pair of gloves {infuse}
SInv    .            G - +1 pair of boots
Will    .....        D - amulet of faith
Stlth   +            d - ring "Wubar" {Wiz rN+ Int+8}
HPRegen 0.29/turn    L - ring of the Hare {EV+10}
MPRegen 0.22/turn

%: repel missiles, faith, wizardry (x1), infuse magic (1 MP)
@: agile, resistant, weak-willed
A: no striking features
a: Renounce Religion, Upheaval, Elemental Force


You were on level 12 of the Dungeon.
You worshipped Qazlal.
Qazlal was greatly pleased with you.
You visited 2 branches of the dungeon, and saw 13 of its levels.
You also visited: Sewer.

You collected 788 gold pieces.

Inventory:

Hand Weapons
 a - the +5 dagger of the Dungeon {freeze, rElec}
   (You found it on level 4 of the Dungeon)

   rElec:     It insulates you from electricity.
Armour
 c - a +2 pair of gloves of infusion (worn)
 l - a +0 cloak
 v - a +0 helmet (worn)
 w - a +0 troll leather armour {Pargi}
 z - a +0 leather armour of willpower
 A - the +8 scale mail of Parts Unknown {Harm rC- Dex+5}
   (You found it on level 6 of the Dungeon)

   Dex+5:     It affects your dexterity (+5).
   rC-:       It makes you vulnerable to cold.
   Harm:      It increases damage dealt and taken.
 F - a scarf of repulsion (worn)
 G - a +1 pair of boots (worn)
 H - +0 steam dragon scales (worn)
Magical Staves
 b - a staff of fire (weapon)
Jewellery
 d - the ring "Wubar" (left hand) {Wiz rN+ Int+8}
   (You acquired it on level 5 of the Dungeon)

   [ring of wizardry]

   Wiz:       It improves your spell success rate.
   Int+8:     It affects your intelligence (+8).
   rN+:       It protects you from negative energy.
 h - a +4 ring of protection
 n - a ring of positive energy
 o - a ring of see invisible
 D - an amulet of faith (around neck)
 L - the ring of the Hare (right hand) {EV+10}
   (You acquired it on level 10 of the Dungeon)

   [ring of evasion]

   EV+10:     It affects your evasion (+10).
Wands
 m - a wand of flame (6)
 y - a wand of polymorph (9)
 E - a wand of iceblast (3)
 I - a wand of quicksilver (3)
 K - a wand of paralysis (4)
Scrolls
 e - 2 scrolls of fear
 k - 2 scrolls of amnesia
 q - 2 scrolls of immolation
 B - 2 scrolls of revelation
Potions
 f - 3 potions of resistance
 g - 2 potions of invisibility
 i - 2 potions of might
 j - 8 potions of curing
 p - 4 potions of mutation
 s - 2 potions of attraction
 u - 2 potions of haste
 x - 3 potions of enlightenment
 C - a potion of ambrosia
 M - a potion of lignification


   Skills:
 + Level 11.5 Dodging
 - Level 2.4 Stealth
 + Level 12.5 Spellcasting
 + Level 10.3 Conjurations
 + Level 10.8 Fire Magic
 + Level 6.6 Invocations


You had 29 spell levels left.
You knew the following spells:

 Your Spells              Type           Power      Damage    Failure   Level
a - Foxfire               Conj/Fire      100%       2x1d9     1%          1
b - Scorch                Fire           100%       2d9       1%          2
c - Flame Wave            Conj/Fire      96%        2d20      1%          4

Your spell library contained the following spells:

 Spells                   Type           Power      Damage    Failure   Level
 Freeze                   Ice            84%        1d9       1%          1
 Kiss of Death            Conj/Necr      100%       2d13      1%          1
 Shock                    Conj/Air       100%       1d9       1%          1
 Slow                     Hex            84%        N/A       1%          1
 Hailstorm                Conj/Ice       54%        3d12      1%          3
 Inner Flame              Hex/Fire       72%        N/A       1%          3
 Volatile Blastmotes      Fire/Tloc      100%       2d18      1%          3
 Fulminant Prism          Conj/Hex       27%        3d14      1%          4
 Iskenderun's Mystic Bla  Conj/Tloc      54%        2d12      1%          4
 Confusing Touch          Hex            21%        N/A       2%          3
 Frozen Ramparts          Ice            42%        1d7       2%          3
 Sigil of Binding         Hex            21%        N/A       2%          3
 Swiftness                Air            21%        N/A       2%          3
 Tukima's Dance           Hex            21%        N/A       2%          3
 Vampiric Draining        Necr           21%        2d7       2%          3
 Airstrike                Air            10%        2d(2-18)  9%          4
 Dispel Undead            Necr           21%        3d11      9%          4
 Passage of Golubria      Tloc           21%        N/A       9%          4
 Yara's Violent Unravell  Hex/Tmut       10%        3d6       22%         5


Dungeon Overview and Level Annotations

Branches:
Dungeon (12/15)            Temple (1/1) D:6            Lair (0/5) D:10
    Orc (0/2) D:11          Sewer (visited)

Altars:
Ashenzari
Cheibriados
Dithmenos
Elyvilon
Fedhas
Gozag
Hepliaklqana
Kikubaaqudgha
Makhleb
Nemelex Xobeh
Okawaru
Qazlal
Ru
Sif Muna
Trog
Uskayaw
Vehumet
Wu Jian
Xom
Yredelemnul
Zin
The Shining One
Jiyva

Shops:
D:4 (   D:7 =

Annotations:
D:9 3 runed translucent doors, captivecurve's ghost, journeyman GrEE
D:12 Psyche; Snorg


Message History

* * * LOW HITPOINT WARNING * * *
Snorg completely misses you.
The troll is engulfed in freezing vapours.
The troll closely misses you. The troll claws you but does no damage.
The troll closely misses you.
As you read the scroll of teleportation, it crumbles to dust.
You feel strangely unstable. You block Snorg's attack. Snorg claws you!
* * * LOW HITPOINT WARNING * * *
Snorg claws you.
* * * LOW HITPOINT WARNING * * *
The troll is engulfed in freezing vapours.
You kill the troll!
Qazlal accepts your kill.
The troll leather armour is intact enough to wear.
Snorg is engulfed in freezing vapours.
Snorg goes berserk!
Snorg is engulfed in freezing vapours.
Something hits you.
* * * LOW HITPOINT WARNING * * *
You feel agile all of a sudden.
Your surroundings suddenly seem different.
You start resting.
A skeletal warrior comes into view. It is wielding a +0 glaive.
Okay, then.
Okay, then.
Okay, then.
Okay, then.
As you read the scroll of vulnerability, it crumbles to dust.
Magic quickly surges around you.
Casting: Flame Wave (safe; 1% risk of failure)
Confirm with . or Enter, or press ? or * to list all spells.
You feel a surge of power!
Flames lash the skeletal warrior but do no damage.
The skeletal warrior attacks as it pursues you!
The skeletal warrior completely misses you.
The skeletal warrior attacks as it pursues you!
You block the skeletal warrior's attack.
The skeletal warrior attacks as it pursues you!
You block the skeletal warrior's attack.
The skeletal warrior attacks as it pursues you!
The skeletal warrior hits you from afar with a +0 glaive!
You die...

#..# #..# # #..# .#
####..##############.##
...........)..........
.....................
################...#
#.☼.#
################@..####
####
.........z....z.........
....
..................○.....
....
.............°...#######
#### ##############...#
# #...# # #...# # #...#
# #...# #


You could see 2 skeletal warriors.

Vanquished Creatures
  3 death yaks (D:10)
  A two-headed ogre (D:10)
  5 skeletal warriors (D:12)
  Jeremiah (D:6)
  A komodo dragon (D:10)
  4 trolls
  Grinder (D:3)
  2 shadows
  A vampire (D:10)
  A wraith (D:12)
  3 steam dragons
  A basilisk (D:11)
  Grum (D:10)
  15 yaks
  3 vampire mosquitoes (D:12)
  Edmund (D:4)
  3 water moccasins
  11 orc warriors
  Pargi (D:4)
  3 sky beasts
  2 black bears
  5 ogres
  3 centaurs
  4 wolves (D:10)
  3 kobold brigands
  4 bullfrogs
  A gnoll sergeant (D:10)
  4 scorpions
  3 howler monkeys
  3 jellies
  2 gnoll boudas
  9 orc priests
  5 hounds
  A sleepcap (D:6)
  Ijyb (D:4)
  4 iguanas
  10 orc wizards
  A hell rat (D:10)
  13 gnolls
  2 river rats
  14 adders
  2 white imps
  3 worms
  2 dart slugs
  67 orcs
  9 ball pythons
  5 bats
  8 endoplasms
  2 giant cockroaches
  6 goblins
  6 hobgoblins
  3 quokkas
  3 training dummies (D:4)
  12 frilled lizards
  13 kobolds
  14 rats
311 creatures vanquished.

Vanquished Creatures (others)
  107 foxfires
107 creatures vanquished.

Grand Total: 418 creatures vanquished

Notes
Turn   | Place    | Note
-------+----------+-------------------------------------------
     0 | D:1      | senseless the Deep Elf Fire Elementalist began the quest
                  | for the Orb.
     0 | D:1      | Reached XP level 1. HP: 10/10 MP: 6/6
   155 | D:1      | Reached XP level 2. HP: 15/15 MP: 1/8
   343 | D:1      | Learned a level 2 spell: Scorch
  1152 | D:2      | Reached XP level 3. HP: 19/19 MP: 1/10
  1498 | D:2      | Found a white marble altar of Elyvilon.
  1992 | D:2      | Reached XP level 4. HP: 24/24 MP: 6/11
  2327 | D:3      | Noticed Grinder
  2333 | D:3      | Killed Grinder
  2334 | D:3      | Reached skill level 4 in Spellcasting
  2334 | D:3      | Reached XP level 5. HP: 28/28 MP: 5/14
  2619 | D:3      | Reached XP level 6. HP: 32/32 MP: 15/15
  2885 | D:3      | Reached skill level 5 in Spellcasting
  3422 | D:4      | Reached skill level 5 in Fire Magic
  3532 | D:4      | Found Buuh Kaw's Firing Range.
  3594 | D:4      | Noticed Edmund
  3612 | D:4      | Killed Edmund
  3613 | D:4      | Reached skill level 5 in Dodging
  3613 | D:4      | Reached XP level 7. HP: 3/36 MP: 14/17
  3830 | D:4      | Noticed Ijyb
  3839 | D:4      | Killed Ijyb
  3929 | D:4      | Reached skill level 6 in Spellcasting
  4137 | D:4      | Identified the +5 dagger of the Dungeon {freeze, rElec}
  4461 | D:4      | Noticed Pargi
  4468 | D:4      | Killed Pargi
  4469 | D:4      | Reached skill level 5 in Conjurations
  4554 | D:4      | Learned a level 4 spell: Flame Wave
  4666 | D:4      | Reached XP level 8. HP: 41/41 MP: 13/20
  4939 | D:5      | Entered Level 5 of the Dungeon
  4986 | D:5      | Reached skill level 7 in Spellcasting
  4986 | D:5      | Identified 2 scrolls of acquirement
  4986 | D:5      | Acquired a +2 pair of gloves of infusion
  4998 | D:5      | Identified the of Gickies (You acquired it on level 5 of
                  | the Dungeon)
  4998 | D:5      | Acquired the ring "Wubar" {Wiz rN+ Int+8}
  5696 | D:5      | Reached skill level 8 in Spellcasting
  5853 | D:6      | Noticed Jeremiah
  5869 | D:5      | Reached XP level 9. HP: 12/45 MP: 6/23
  6207 | D:6      | Reached skill level 9 in Spellcasting
  6209 | D:6      | Found a glowing drain.
  6217 | Sewer    | Entered a sewer
  6737 | D:6      | Found a staircase to the Ecumenical Temple.
  6768 | Temple   | Entered the Ecumenical Temple
  6776 | Temple   | Became a worshipper of Qazlal Stormbringer
  6883 | D:6      | Killed Jeremiah
  7109 | D:6      | Identified the +8 scale mail of Parts Unknown {Harm rC-
                  | Dex+5}
  7588 | D:6      | Identified the +4 trident of the Kidney {chaos, +Blink rC+
                  | Int-3 SInv}
  7875 | D:7      | Found Lofygeav's Jewellery Shop.
  8068 | D:7      | Reached skill level 1 in Invocations
  8068 | D:7      | Reached XP level 10. HP: 50/50 MP: 13/25
  8233 | D:7      | Found a white marble altar of Elyvilon.
  8510 | D:7      | Reached * piety under Qazlal
  8764 | D:8      | Reached skill level 10 in Spellcasting
 10331 | D:9      | Found a runed translucent gate.
 10331 | D:9      | Found a runed translucent gate.
 10332 | D:9      | Found a runed translucent gate.
 10335 | D:9      | Noticed captivecurve's ghost (journeyman GrEE)
 10521 | D:9      | Reached ** piety under Qazlal
 10776 | D:9      | Found a viscous altar of Jiyva.
 10811 | D:10     | Entered Level 10 of the Dungeon
 10874 | D:10     | Noticed Grum
 10878 | D:10     | Reached skill level 10 in Dodging
 10879 | D:10     | Reached skill level 11 in Spellcasting
 10881 | D:10     | Killed Grum
 11033 | D:10     | Noticed a death yak
 11036 | D:10     | Noticed a death yak
 11038 | D:10     | Noticed a death yak
 11044 | D:10     | Killed a death yak
 11045 | D:10     | Reached XP level 11. HP: 27/54 MP: 13/28
 11047 | D:10     | Killed a death yak
 11049 | D:10     | Killed a death yak
 11192 | D:10     | Identified the "Nesenn" (You acquired it on level 10 of
                  | the Dungeon)
 11192 | D:10     | Acquired the ring of the Hare {EV+10}
 11192 | D:10     | Found the ring of the Hare {EV+10}
 11209 | D:10     | Found a staircase to the Lair.
 11225 | D:10     | Reached *** piety under Qazlal
 11226 | D:10     | Noticed a two-headed ogre
 11234 | D:10     | Killed a two-headed ogre
 11235 | D:10     | Reached skill level 10 in Fire Magic
 11235 | D:10     | Reached skill level 5 in Invocations
 11660 | D:10     | Found a shadowy altar of Dithmenos.
 11661 | D:10     | Found a shimmering altar of Xom.
 11662 | D:10     | Found a hazy altar of Hepliaklqana.
 11662 | D:10     | Found a basalt altar of Yredelemnul.
 11663 | D:10     | Found a radiant altar of Vehumet.
 11665 | D:10     | Found an ancient bone altar of Kikubaaqudgha.
 11666 | D:10     | Found a burning altar of Makhleb.
 11667 | D:10     | Found a shimmering blue altar of Sif Muna.
 12142 | D:11     | Identified the +9 hand axe of Dikubb {freeze, *Noise rPois
                  | rN+ Int+3}
 12276 | D:11     | Found a snail-covered altar of Cheibriados.
 13067 | D:11     | Found a staircase to the Orcish Mines.
 13128 | D:11     | Reached skill level 12 in Spellcasting
 13327 | D:12     | Noticed a skeletal warrior
 13327 | D:12     | Noticed a skeletal warrior
 13331 | D:12     | Noticed a skeletal warrior
 13331 | D:12     | Noticed a skeletal warrior
 13351 | D:12     | Reached **** piety under Qazlal
 13366 | D:12     | HP: 2/54 [skeletal warrior/+2 glaive of protection (25)]
 13550 | D:12     | HP: 1/54 [skeletal warrior/+2 glaive of protection (8)]
 13553 | D:12     | Killed a skeletal warrior
 13556 | D:12     | Killed a skeletal warrior
 13557 | D:12     | Reached skill level 10 in Conjurations
 13564 | D:12     | Killed a skeletal warrior
 13565 | D:12     | Killed a skeletal warrior
 13727 | D:12     | Noticed a skeletal warrior
 13732 | D:12     | Noticed a skeletal warrior
 13736 | D:12     | Noticed a skeletal warrior
 13738 | D:12     | Killed a skeletal warrior
 13766 | D:12     | Noticed Snorg
 13766 | D:12     | Noticed Psyche
 13770 | D:12     | Reached XP level 12. HP: 29/59 MP: 5/30
 13773 | D:12     | HP: 2/59 [Snorg (4)]
 13795 | D:12     | Slain by a skeletal warrior

Illustrated notes

Levels and vault maps discovered:
D:1:      denvon_arrival_waterhouse, layout_loops_ring, serial_park_tiny_pond,
          chequers_serial_rivers_marsh, hangedman_decor_opposing, minivault_5
D:2:      layout_loops_ring, basic_altar, minmay_pentomino_r4
D:3:      layout_loops_ring, uniq_grinder
D:4:      layout_gridville, palyth_stone_intersect, nicolae_shop_firing_range,
          uniq_pargi, uniq_edmund, uniq_ijyb
D:5:      layout_rooms, kennysheep_generic_room_15
D:6:      layout_loops_ring, minmay_temple_entry_grid,
          mainiacjoe_sewer_entry_somewhere_in_here_1, uniq_jeremiah
D:7:      layout_loops_cross, kennysheep_mini_moat, serial_shops, shop
D:8:      layout_basic, minivault_24, grunt_decor_mini_mirrors
D:9:      layout_roguey [special_room_orc], gammafunk_ghost_ooze
D:10:     layout_irregular_city, minitemple, dpeg_lair_monsters, uniq_grum
D:11:     layout_stronghold, minmay_orc_entry_temple_small, chei_slow_surprise
D:12:     layout_long_grid, uniq_jorgrun, uniq_psyche, uniq_snorg
Temple:   hellmonk_temple_forest_ring

Skill      XL: |  1  2  3  4  5  6  7  8  9 10 11 |
---------------+----------------------------------+-----
Dodging        | 3 4 5 6 7 9 10 11 | 11.5
Conjurations   | 2 3 4 5 6 7 9 10 | 10.3
Spellcasting   | 4 5 6 8 9 11 12 | 12.5
Fire Magic     | 4 5 6 7 8 9 10 | 10.8
Invocations    | 1 4 6 |  6.6
Stealth        | |  2.4

Action                     |  1- 3 |  4- 6 |  7- 9 | 10-12 || total
---------------------------+-------+-------+-------+-------++-------
  Melee: Dagger            |     2 |       |    17 |       ||    19
         Long sword        |       |    11 |       |       ||    11
         Unarmed           |       |       |     2 |       ||     2
         Punch             |       |       |     1 |       ||     1
         Staff             |       |       |       |    13 ||    13
   Cast: Foxfire           |    14 |     5 |    20 |    25 ||    64
         Scorch            |    35 |    49 |   169 |   160 ||   413
         Flame Wave        |       |       |     9 |    25 ||    34
    Use: Potion            |       |     1 |       |     5 ||     6
         Scroll            |       |       |    18 |    10 ||    28
   Stab: Sleeping          |       |     1 |       |       ||     1
 Armour: Robe              |     1 |     6 |       |       ||     7
         Leather armour    |       |     8 |     9 |       ||    17
         Troll leather arm |       |       |    44 |     3 ||    47
         Steam dragon scal |       |       |       |    64 ||    64
  Dodge: Dodged            |     4 |    15 |    52 |   123 ||   194
         Repelled          |       |       |       |     2 ||     2
  Block: Other             |       |       |       |    24 ||    24

Table legend: (Time is in decaauts)
 A = Elapsed time spent in this place.
 B = Non-inter-level travel time spent in this place.
 C = Inter-level travel time spent in this place.
 D = Time resting spent in this place.
 E = Time spent auto-exploring this place.
 F = Levels seen in this place.
 G = Mean time per level.
                   A        B        C        D        E       F      G
               +--------+--------+--------+--------+--------+-----+--------+
         Total |  13872 |  13404 |    468 |    949 |  10827 |  14 |  990.9 |
       Dungeon |  13269 |  12815 |    454 |    904 |  10395 |  12 | 1105.8 |
        Temple |     64 |     50 |     14 |     45 |      0 |   1 |   64.0 |
         Sewer |    538 |    538 |      0 |      0 |    432 |   1 |  538.0 |
               +--------+--------+--------+--------+--------+-----+--------+

Top non-repeatable levels by time:
    D:11: 1598 daAuts
     D:4: 1589 daAuts
     D:5: 1199 daAuts
     D:2: 1137 daAuts
     D:8: 1135 daAuts
     D:3: 1130 daAuts
     D:6: 1112 daAuts
     D:1: 1087 daAuts
    D:10: 1072 daAuts
     D:9: 987 daAuts
     D:7: 903 daAuts
   Sewer: 538 daAuts
    D:12: 315 daAuts
  Temple: 64 daAuts
